[gd_scene load_steps=9 format=2]

[ext_resource path="res://Assets/meshes/banana.tscn" type="PackedScene" id=1]
[ext_resource path="res://Assets/meshes/farm.tscn" type="PackedScene" id=2]
[ext_resource path="res://Assets/scenes/ingredientholder.tscn" type="PackedScene" id=3]
[ext_resource path="res://Assets/meshes/carrot.tscn" type="PackedScene" id=4]
[ext_resource path="res://Assets/meshes/apple.tscn" type="PackedScene" id=5]
[ext_resource path="res://Assets/meshes/coconut.tscn" type="PackedScene" id=6]
[ext_resource path="res://Assets/meshes/tomato.tscn" type="PackedScene" id=7]
[ext_resource path="res://Assets/meshes/beet.tscn" type="PackedScene" id=8]

[node name="store1" type="Spatial"]

[node name="IngredientHolder" parent="." groups=[
"store1",
] instance=ExtResource( 3 )]
transform = Transform( 1, 0, 0, 0, 1, 0, 0, 0, 1, -14.6392, 2.78306, -4.56079 )

[node name="carrot" parent="IngredientHolder" instance=ExtResource( 4 )]
transform = Transform( 0.3, 0, 0, 0, 0.3, 0, 0, 0, 0.3, 0, 0, 1.82789 )

[node name="IngredientHolder2" parent="." groups=[
"store1",
] instance=ExtResource( 3 )]
transform = Transform( 0.490624, 0.0963723, 0, -0.0963636, 0.49058, 0.00670186, 0.00129175, -0.0065762, 0.499955, 7.75559, 5.32562, 6.36139 )

[node name="apple" parent="IngredientHolder2" instance=ExtResource( 5 )]
transform = Transform( 2, -3.89409e-08, -4.65661e-10, 5.04588e-08, 2, -3.72529e-09, 4.65661e-10, 1.86265e-09, 2, 0.262085, -1.33426, -0.0182276 )

[node name="IngredientHolder3" parent="." groups=[
"store1",
] instance=ExtResource( 3 )]
transform = Transform( 1, 0, 0, 0, 1, 0, 0, 0, 1, -7.00538, 4.6704, -9.79773 )

[node name="tomato" parent="IngredientHolder3" instance=ExtResource( 7 )]

[node name="IngredientHolder4" parent="." groups=[
"store1",
] instance=ExtResource( 3 )]
transform = Transform( 1, 0, 0, 0, 1, 0, 0, 0, 1, 0, 6.37274, 18.1179 )

[node name="coconut" parent="IngredientHolder4" instance=ExtResource( 6 )]

[node name="IngredientHolder5" parent="." groups=[
"store1",
] instance=ExtResource( 3 )]
transform = Transform( 0.960473, 0.133668, 0.24418, -0.162946, 0.981155, 0.103843, -0.225698, -0.139527, 0.964153, 27.4606, 8.16171, 3.44217 )

[node name="beet" parent="IngredientHolder5" instance=ExtResource( 8 )]

[node name="IngredientHolder6" parent="." groups=[
"store1",
] instance=ExtResource( 3 )]
transform = Transform( 1, 0, 0, 0, 1, 0, 0, 0, 1, 15.6217, 5.13667, 0 )

[node name="banana" parent="IngredientHolder6" instance=ExtResource( 1 )]

[node name="farm" parent="." instance=ExtResource( 2 )]
transform = Transform( 5, 0, 0, 0, 5, 0, 0, 0, 5, 0, 0.02, 0 )
